 Dungeon Crawl Stone Soup version 0.25.0-9-g26727b657a (webtiles) character file.

Game seed: 1406011263687516264

64269 MisterFreud the Peltast (level 15, 0/97 HPs)
             Began as a Gargoyle Monk on June 18, 2020.
             Was the Champion of Okawaru.
             Killed from afar by a deep elf sorcerer (35 damage)
             ... with a bolt of acid
             ... on level 12 of the Dungeon.
             The game lasted 00:48:08 (21321 turns).

MisterFreud the Peltast (Gargoyle Monk)            Turns: 21321, Time: 00:48:08

Health: 0/97       AC: 38    Str: 20    XL:     15   Next: 12%
Magic:  0/22       EV: 12    Int: 19    God:    Okawaru [******]
Gold:   1469       SH: 15    Dex: 12    Spells: 14/14 levels left

rFire    . . .     SeeInvis .   t - +1 morningstar
rCold    . . .     Gourm    .   N - +1 kite shield
rNeg     + . .     Faith    .   I - +7 plate armour of Zubeor {+Fly Regen+ Int+3}
rPois    ∞         Spirit   +   (no helmet)
rElec    +         Reflect  .   Q - +1 cloak {MR+}
rCorr    .         Harm     .   v - +1 pair of gloves of Baldness {Int+4}
MR       ++...                  W - +1 pair of boots {run}
Stlth    ..........             m - amulet of guardian spirit
HPRegen  0.66/turn              x - +4 ring of evasion
MPRegen  0.18/turn              J - +4 ring of protection

@: about to teleport, corroded, very slow
A: big wings, negative energy resistance 1, electricity resistance, unbreathing,
petrification resistance, rot immunity, AC +11
a: Fly, Heroism, Finesse, Renounce Religion, Evoke Flight


You were on level 12 of the Dungeon.
You worshipped Okawaru.
Okawaru was exalted by your worship.
You were not hungry.

You visited 3 branches of the dungeon, and saw 19 of its levels.
You also visited: Sewer, Bailey and Gauntlet.

You collected 1770 gold pieces.
You spent 301 gold pieces at shops.

Inventory:

Hand Weapons
 t - a +1 morningstar (weapon)
Missiles
 f - 9 silver javelins (quivered)
 l - 30 boomerangs
 p - 7 boomerangs of dispersal
Armour
 v - the +1 pair of gloves of Baldness (worn) {Int+4}
   (Okawaru gifted it to you on level 5 of the Lair of Beasts)

   It affects your intelligence (+4).
 A - a scarf of invisibility
 I - the +7 plate armour of Zubeor (worn) {+Fly Regen+ Int+3}
   (Okawaru gifted it to you on level 9 of the Dungeon)

   It affects your intelligence (+3).
   It lets you fly.
   It increases your rate of regeneration.
 N - a +1 kite shield (worn)
 Q - a +1 cloak of magic resistance (worn)
 W - a +1 pair of boots of running (worn)
Jewellery
 m - an amulet of guardian spirit (around neck)
 r - an uncursed ring of positive energy
 u - an uncursed ring of resist corrosion
 w - a +6 ring of strength
 x - a +4 ring of evasion (left hand)
 J - a +4 ring of protection (right hand)
 Y - the ring "Qomod" {Int+4 Dex+5 Stlth-}
   (You found it in a Gauntlet)

   [ring of attention]

   It affects your intelligence (+4).
   It affects your dexterity (+5).
   It makes you less stealthy.
 Z - the ring "Tiovoit" {rElec rF+ rC- Int+5 Dex+6}
   (You found it in a Gauntlet)

   [ring of dexterity]

   It affects your intelligence (+5).
   It affects your dexterity (+6).
   It protects you from fire.
   It makes you vulnerable to cold.
   It insulates you from electricity.
Wands
 C - a wand of random effects (6)
 D - a wand of paralysis (14)
 F - a wand of acid (33)
 M - a wand of clouds (7)
 R - a wand of polymorph (11)
 U - a wand of flame (33)
Scrolls
 a - 5 scrolls of blinking
 d - 5 scrolls of fear
 e - 3 scrolls of identify
 h - 2 scrolls of amnesia
 j - a scroll of enchant armour
 n - 7 scrolls of teleportation
 o - 11 scrolls of remove curse
 y - a scroll of fog
 G - a scroll of immolation
 K - a scroll of silence
 P - 5 scrolls of enchant weapon
 S - 2 scrolls of summoning
 T - 4 scrolls of random uselessness {unknown}
Potions
 b - 2 potions of might
 g - 5 potions of brilliance
 i - 7 potions of curing
 k - a potion of ambrosia
 s - 2 potions of mutation
 z - 2 potions of heal wounds
 B - 4 potions of stabbing
 E - 3 potions of magic
 H - a potion of berserk rage
 V - 4 potions of haste
Miscellaneous
 O - a phial of floods
 X - a lightning rod (4/4)
Comestibles
 c - 48 rations
 q - 4 chunks of flesh


   Skills:
 + Level 12.3 Fighting
 + Level 12.8 Maces & Flails
 + Level 7.3 Armour
 - Level 5.0 Dodging
 - Level 2.1 Stealth
 - Level 15.0 Shields
 - Level 6.0 Invocations
 - Level 10.0 Evocations


You had 14 spell levels left.
You didn't know any spells.
Your spell library contained the following spells:

 Spells                   Type           Power        Failure   Level  Hunger
 Apportation              Tloc           #.....       99%         1    ##.....
 Foxfire                  Conj/Fire      #...         99%         1    ##.....
 Freeze                   Ice            #...         99%         1    ##.....
 Infusion                 Chrm           #...         99%         1    ##.....
 Magic Dart               Conj           #...         99%         1    ##.....
 Sting                    Tmut/Pois      #...         99%         1    ##.....
 Summon Butterflies       Summ           #.......     99%         1    ##.....
 Blink                    Tloc           N/A          100%        2    ###....
 Call Imp                 Summ           #.......     100%        2    ###....
 Poisonous Vapours        Pois/Air       #.....       100%        2    ###....
 Shroud of Golubria       Chrm/Tloc      #.....       100%        2    ###....
 Slow                     Hex            #.......     100%        2    ###....
 Conjure Flame            Conj/Fire      #.......     100%        3    ####...
 Gell's Gravitas          Tloc           #.........   100%        3    ####...
 Ignite Poison            Fire/Tmut/Pois #.......     100%        3    ####...
 Inner Flame              Hex/Fire       #.......     100%        3    ####...
 Lesser Beckoning         Tloc           #.........   100%        3    ####...
 Mephitic Cloud           Conj/Pois/Air  #.......     100%        3    ####...
 Portal Projectile        Hex/Tloc       #.....       100%        3    ####...
 Recall                   Summ/Tloc      N/A          100%        3    ####...
 Spider Form              Tmut/Pois      #.........   100%        3    ####...
 Summon Guardian Golem    Hex/Summ       #.......     100%        3    ####...
 Teleport Other           Tloc           #.......     100%        3    ####...
 Tukima's Dance           Hex            #.......     100%        3    ####...
 Animate Dead             Necr           N/A          100%        4    #####..
 Ice Form                 Ice/Tmut       #.......     100%        4    #####..
 Iskenderun's Mystic Bla  Conj/Tloc      #.......     100%        4    #####..
 Olgreb's Toxic Radiance  Pois           #.......     100%        4    #####..
 Passage of Golubria      Tloc           N/A          100%        4    #####..
 Sticky Flame             Conj/Fire      #.......     100%        4    #####..
 Alistair's Intoxication  Tmut/Pois      #.......     100%        5    ######.
 Bolt of Magma            Conj/Fire/Erth #.........   100%        5    ######.
 Borgnjor's Vile Clutch   Necr/Erth      #.........   100%        5    ######.
 Excruciating Wounds      Chrm/Necr      #.........   100%        5    ######.
 Fireball                 Conj/Fire      #.........   100%        5    ######.
 Iskenderun's Battlesphe  Conj/Chrm      #.......     100%        5    ######.
 Lightning Bolt           Conj/Air       #.........   100%        5    ######.
 Metabolic Englaciation   Hex/Ice        #.........   100%        5    ######.
 Silence                  Hex/Air        #.........   100%        5    ######.
 Summon Forest            Summ/Tloc      #.........   100%        5    ######.
 Yara's Violent Unravell  Hex/Tmut       #.........   100%        5    ######.
 Death Channel            Necr           #.........   100%        6    #######
 Dispersal                Tloc           #.........   100%        6    #######
 Eringya's Noxious Bog    Tmut/Pois      #.........   100%        6    #######
 Invisibility             Hex            #.......     100%        6    #######
 Iron Shot                Conj/Erth      #.........   100%        6    #######
 Simulacrum               Ice/Necr       #.........   100%        6    #######
 Orb of Destruction       Conj           #.........   100%        7    #######
 Ring of Flames           Chrm/Fire      #.........   100%        7    #######
 Spellforged Servitor     Conj/Summ      #.........   100%        7    #######
 Controlled Blink         Tloc           N/A          100%        8    #######
 Disjunction              Tloc           #.........   100%        8    #######
 Tornado                  Air            #.........   100%        9    #######


Dungeon Overview and Level Annotations

Branches:
Dungeon (12/15)            Temple (1/1) D:7            Lair (6/6) D:9
  Swamp (0/4) Lair:4        Snake (0/4) Lair:2        Slime (0/5) Lair:5
    Orc (0/2) D:12          Sewer (visited)          Bailey (visited)
Gauntlet (visited)

Altars:
Fedhas
Hepliaklqana
Okawaru
Qazlal
Sif Muna
Zin
Beogh

Shops:
D:6 ?   D:10 *

Portals:
Trove: D:11 (give horn of Geryon)

Annotations:
D:3 1 runed translucent door, Crazy Yiuf
D:10 2 transporters
Lair:1 2 transporters, exclusion: oklob plant, Navil's ghost, journeyman MiBe
Lair:3 1 runed translucent door, Enish's ghost, journeyman MiBe


Innate Abilities, Weirdness & Mutations

You are resistant to torment.
Your stone body is resilient. (AC +11)
You are immune to poison.
Your large and strong wings let you fly indefinitely.
You resist negative energy. (rN+)
You are resistant to electric shocks. (rElec)
You can survive without breathing.
You are immune to petrification.
You are immune to rotting.


Message History

Unknown command.
Press: ? - help, v - describe, . - travel
Here: a deep elf sorcerer, wielding a staff of air and wearing a cursed +0 leather armour The floor.
Unknown command.
Unknown command.
Unknown command.
Unknown command.
Unknown command.
Unknown command.
As you read the scroll of teleportation, it crumbles to dust.
You feel strangely unstable.
The deep elf sorcerer points at you and mumbles some strange words.
The bolt of acid hits you. The acid corrodes you!
You are splashed with acid!
You enter the shallow water.
Moving in this stuff is going to be slow.
You feel like a meek peon again.
The deep elf sorcerer points at you and mumbles some strange words.
The bolt of acid hits you!!!
You die...

. $... e ###### .#..#. #.....
.#..#. ###### ...e ##''##
#≈..≈# ######## #≈..≈#
#....##. ####### ####''#######
#.##.##. #≈≈≈≈≈# #≈≈≈≈@≈≈≈≈≈≈#
#....##. #.=...#
#≈##.....##≈######'##' ###'###
#≈#...⌠...#≈#......... #.....#
#≈..⌠...⌠..≈#..####..#
#.)#).###≈.........≈#÷...)....
#.#⌠#.'.'≈.⌠.._..⌠.≈').####..#
#..#..###≈.........≈#).....)))
#.....# #≈..⌠...⌠..≈#..####.)#
###'### #≈#...⌠...#≈#.........


You could see a deep elf sorcerer.

Vanquished Creatures
  A minotaur (Gauntlet)
  6 hydras
  A death knight (D:12)
  Erica (D:11)
  A two-headed ogre (D:11)
  3 vampire magi (D:12)
  Sonja (Lair:1)
  Nergalle (Lair:2)
  A wizard (Gauntlet)
  3 orc sorcerers (D:12)
  2 wolf spiders (Lair:6)
  3 ugly things
  7 deep elf magi (D:12)
  4 cyclopes
  A manticore (Lair:6)
  12 black mambas
  9 elephants
  A guardian serpent (Lair:6)
  A gargoyle (D:11)
  Maggie (Lair:1)
  4 naga magi (D:12)
  A centaur skeleton (D:12)
  15 spiny frogs
  A minotaur zombie (Gauntlet)
  4 komodo dragons
  A freezing wraith (D:12)
  An efreet (Gauntlet)
  3 trolls
  3 hornets
  4 dream sheep (Lair:5)
  10 polar bears
  10 blink frogs
  3 raiju (Lair:6)
  A redback (Lair:6)
  A vampire (D:11)
  12 hippogriffs
  3 wraiths
  10 wyverns (Lair:6)
  3 fire elementals (Gauntlet)
  8 yaks
  A hungry ghost (D:8)
  4 wargs (Lair:6)
  Menkaure (D:6)
  3 nagas (Lair:2)
  An acid dragon (D:12)
  15 hell hounds
  2 soldier ants (D:9)
  3 swamp worms (Gauntlet)
  26 water moccasins
  5 porcupines
  14 black bears
  5 orc warriors
  Purgy (Sewer)
  6 ice beasts
  3 phantoms
  2 sky beasts
  3 necrophages
  2 eyes of draining
  29 wolves
  6 centaurs
  6 ogres
  2 big kobolds
  13 crocodiles
  15 bullfrogs
  A water moccasin zombie (D:9)
  2 scorpions
  17 killer bees
  3 electric eels (D:9)
  9 howler monkeys
  8 crimson imps
  A centaur zombie (D:9)
  A quasit (D:11)
  11 hounds
  4 jellies
  2 bullfrog skeletons
  A bullfrog zombie (D:12)
  7 orc priests
  A water moccasin simulacrum (D:9)
  2 iguanas
  7 orc wizards
  11 worker ants
  A bullfrog simulacrum (D:9)
  A centaur simulacrum (D:9)
  A howler monkey zombie (D:8)
  2 worker ant zombies (D:5)
  14 adders
  5 shadow imps
  4 white imps
  A worker ant simulacrum (D:9)
  2 ufetubi (D:9)
  2 adder zombies
  An adder skeleton (D:4)
  3 worms
  2 dart slugs
  10 leopard geckos
  42 orcs
  3 bats
  7 giant cockroaches
  11 goblins
  8 hobgoblins
  9 jackals
  6 quokkas
  6 frilled lizards
  A jackal zombie (D:5)
  14 kobolds
  A leopard gecko skeleton (D:7)
  A leopard gecko zombie (D:8)
  A quokka simulacrum (D:9)
  2 quokka zombies
  14 rats
589 creatures vanquished.

Vanquished Creatures (others)
  4 demonic plants (Gauntlet)
  15 fungi
  35 plants
54 creatures vanquished.

Grand Total: 643 creatures vanquished

Notes
Turn   | Place    | Note
-------+----------+-------------------------------------------
     0 | D:1      | MisterFreud the Gargoyle Monk began the quest for the Orb.
     0 | D:1      | Reached XP level 1. HP: 14/14 MP: 1/1
   259 | D:1      | Reached XP level 2. HP: 20/20 MP: 2/2
   705 | D:1      | Reached XP level 3. HP: 24/24 MP: 3/3
  1126 | D:2      | Reached skill level 5 in Fighting
  1286 | D:2      | Reached XP level 4. HP: 28/31 MP: 4/4
  1477 | D:2      | Found an iron altar of Okawaru.
  1486 | D:2      | Became a worshipper of Warmaster Okawaru
  1486 | D:2      | Reached * piety under Okawaru
  1486 | D:2      | Reached ** piety under Okawaru
  2495 | D:3      | Found a runed translucent door.
  2496 | D:3      | Noticed Crazy Yiuf
  2663 | D:4      | Reached XP level 5. HP: 30/35 MP: 5/5
  2671 | D:4      | Got a slimy robe
  2700 | D:4      | Noticed an ogre
  2780 | D:4      | Reached skill level 5 in Maces & Flails
  2842 | D:4      | Found a glowing drain.
  2867 | D:4      | Reached XP level 6. HP: 27/40 MP: 6/6
  2874 | Sewer    | Entered a sewer
  3056 | Sewer    | Noticed Purgy
  3080 | Sewer    | Killed Purgy
  3430 | D:4      | Reached skill level 1 in Armour
  3669 | D:5      | Entered Level 5 of the Dungeon
  3681 | D:5      | Reached XP level 7. HP: 16/44 MP: 7/7
  3925 | D:5      | Reached *** piety under Okawaru
  4517 | D:6      | Found Voiqu's Magic Scroll Boutique.
  4524 | D:6      | Bought 2 scrolls of blinking for 210 gold pieces
  4524 | D:6      | Bought a scroll of teleportation for 42 gold pieces
  4524 | D:6      | Bought a scroll of fear for 49 gold pieces
  4674 | D:6      | Noticed Menkaure
  4680 | D:6      | Killed Menkaure
  4680 | D:6      | Reached XP level 8. HP: 48/49 MP: 8/8
  4955 | D:6      | Found a hazy altar of Hepliaklqana.
  5079 | D:7      | Reached skill level 5 in Armour
  5176 | D:7      | Reached **** piety under Okawaru
  5990 | D:7      | Found a staircase to the Ecumenical Temple.
  6002 | Temple   | Entered the Ecumenical Temple
  6125 | D:7      | Reached XP level 9. HP: 52/56 MP: 9/9
  6546 | D:7      | Found a stormy altar of Qazlal.
  6915 | D:8      | Reached skill level 1 in Invocations
  6924 | D:8      | Reached ***** piety under Okawaru
  7048 | D:8      | Found a flagged portal.
  7067 | Bailey   | Entered a bailey
  7359 | D:8      | Found a glowing silver altar of Zin.
  7533 | D:8      | Reached skill level 10 in Fighting
  7533 | D:8      | Reached skill level 5 in Invocations
  7533 | D:8      | Reached XP level 10. HP: 32/68 MP: 5/13
  9020 | D:8      | Reached skill level 5 in Dodging
  9020 | D:8      | Reached skill level 1 in Evocations
  9416 | D:9      | Received a gift from Okawaru
  9426 | D:9      | Reached skill level 5 in Evocations
  9438 | D:9      | Got a twisted plate armour {god gift}
  9485 | D:9      | Identified the +7 plate armour of Zubeor {+Fly Regen+
                  | Int+3} (Okawaru gifted it to you on level 9 of the Dungeon)
  9693 | D:9      | Reached XP level 11. HP: 72/72 MP: 15/15
  9772 | D:9      | Found a staircase to the Lair.
 10140 | D:10     | Entered Level 10 of the Dungeon
 10294 | D:10     | Found a transporter.
 10347 | D:10     | Reached skill level 10 in Maces & Flails
 10571 | D:10     | Noticed a two-headed ogre
 10572 | D:10     | Noticed an orc sorcerer
 10572 | D:10     | Found a roughly hewn altar of Beogh.
 10572 | D:10     | Found a transporter.
 10572 | D:10     | Noticed a two-headed ogre
 10850 | D:10     | Found Ataenn's Serpentskin Sales.
 11195 | D:11     | Noticed a cyclops
 11202 | D:11     | Killed a cyclops
 11271 | D:11     | Noticed a two-headed ogre
 11284 | D:11     | Killed a two-headed ogre
 11406 | D:11     | Noticed a cyclops
 11422 | D:11     | Killed a cyclops
 11480 | D:11     | Noticed a red ugly thing
 11566 | D:10     | Killed a red ugly thing
 11656 | Lair:1   | Entered Level 1 of the Lair of Beasts
 11706 | Lair:1   | Noticed Maggie
 11719 | Lair:1   | Reached skill level 1 in Shields
 11733 | Lair:1   | Killed Maggie
 11825 | Lair:1   | Reached skill level 2 in Shields
 11944 | Lair:1   | Found a transporter.
 11947 | Lair:1   | Noticed Navil's ghost (journeyman MiBe)
 11955 | Lair:1   | Found a transporter.
 12009 | Lair:1   | Noticed Sonja
 12019 | Lair:1   | Killed Sonja
 12019 | Lair:1   | Reached ****** piety under Okawaru
 12019 | Lair:1   | Reached skill level 3 in Shields
 12019 | Lair:1   | Noticed a five-headed hydra
 12025 | Lair:1   | Noticed an oklob plant
 12074 | Lair:1   | Killed a five-headed hydra
 12074 | Lair:1   | Received a gift from Okawaru
 12074 | Lair:1   | Reached skill level 4 in Shields
 12074 | Lair:1   | Reached XP level 12. HP: 74/77 MP: 13/17
 12277 | Lair:1   | Found a dark tunnel.
 12339 | Lair:1   | Reached skill level 5 in Shields
 12653 | Lair:2   | Found a staircase to the Snake Pit.
 12668 | Lair:2   | Reached skill level 6 in Shields
 12706 | Lair:2   | Noticed Nergalle
 12732 | Lair:2   | Killed Nergalle
 12772 | Lair:2   | Noticed a five-headed hydra
 12784 | Lair:2   | Killed a five-headed hydra
 12784 | Lair:2   | Reached skill level 7 in Shields
 13050 | Lair:2   | Reached skill level 8 in Shields
 13705 | Lair:3   | Received a gift from Okawaru
 13895 | Lair:3   | Found a runed translucent door.
 13899 | Lair:3   | Identified the +8 spear of the Heavens {vorpal, rN+++
                  | Dex+3}
 13899 | Lair:3   | Noticed a spriggan rider
 13900 | Lair:3   | Noticed Enish's ghost (journeyman MiBe)
 14608 | Lair:4   | Reached skill level 9 in Shields
 14714 | Lair:4   | Found a staircase to the Swamp.
 15193 | Lair:5   | Reached skill level 10 in Shields
 15233 | Lair:5   | Found a gate leading to a gauntlet.
 15242 | Gauntlet | Entered a Gauntlet
 15242 | Gauntlet | Found a transporter.
 15242 | Gauntlet | Found a transporter.
 15242 | Gauntlet | Found a transporter.
 15243 | Gauntlet | Found a transporter.
 15244 | Gauntlet | Found a transporter.
 15248 | Gauntlet | Found a transporter.
 15284 | Gauntlet | Reached XP level 13. HP: 82/82 MP: 20/20
 15309 | Gauntlet | Found a runed translucent gate.
 15309 | Gauntlet | Found a runed translucent gate.
 15309 | Gauntlet | Found a runed translucent gate.
 15311 | Gauntlet | Found a transporter.
 15313 | Gauntlet | Found a transporter.
 15344 | Gauntlet | Got a steaming bone ring
 15345 | Gauntlet | Identified the ring "Qomod" {Int+4 Dex+5 Stlth-} (You found
                  | it in a Gauntlet)
 15356 | Gauntlet | Found a transporter.
 15374 | Gauntlet | Reached skill level 10 in Evocations
 15402 | Gauntlet | Found the +2 Maxwell's thermic engine {flame, freeze}
 15410 | Gauntlet | Got a steaming copper ring
 15411 | Gauntlet | Identified the ring "Tiovoit" {rElec rF+ rC- Int+5 Dex+6}
                  | (You found it in a Gauntlet)
 15506 | Gauntlet | Found a transporter.
 15506 | Gauntlet | Noticed a great orb of eyes
 15514 | Gauntlet | Noticed a minotaur
 15536 | Gauntlet | Killed a minotaur
 15686 | Lair:5   | Reached skill level 11 in Shields
 16192 | Lair:5   | Reached skill level 12 in Shields
 16204 | Lair:5   | Received a gift from Okawaru
 16229 | Lair:5   | Got a pair of brightly glowing gloves {god gift}
 16240 | Lair:5   | Identified the +1 pair of gloves of Baldness {Int+4}
                  | (Okawaru gifted it to you on level 5 of the Lair of Beasts)
 16312 | Lair:5   | Found a staircase to the Slime Pits.
 16660 | Lair:6   | Entered Level 6 of the Lair of Beasts
 16910 | Lair:6   | Reached skill level 13 in Shields
 17206 | Lair:6   | Reached skill level 14 in Shields
 17425 | Lair:6   | Gained mutation: Your large and strong wings let you fly
                  | indefinitely. [Gargoyle growth]
 17425 | Lair:6   | Reached XP level 14. HP: 74/88 MP: 17/21
 17472 | Lair:6   | Received a gift from Okawaru
 18505 | Lair:6   | Received a gift from Okawaru
 18562 | Lair:6   | Identified a +0 pair of boots of running (Okawaru gifted it
                  | to you on level 6 of the Lair of Beasts)
 18827 | Lair:6   | Reached skill level 15 in Shields
 19495 | D:11     | Noticed Erica
 19521 | D:11     | Killed Erica
 19539 | D:11     | Found a portal to a secret trove of treasure.
 19775 | D:12     | Found a staircase to the Orcish Mines.
 20883 | D:12     | Reached XP level 15. HP: 89/96 MP: 18/22
 20918 | D:12     | Identified Tiwuiphi's Disquisition on Aerial Summoning
 20929 | D:12     | Identified the Collected Works on Glacial Aid
 20941 | D:12     | Found a shimmering blue altar of Sif Muna.
 20957 | D:12     | Received a gift from Okawaru
 21140 | D:12     | Identified Sif Muna's Grimoire of Scorching Malediction
 21153 | D:12     | Identified the Reference Book on Fire and the Compass
 21225 | D:12     | Identified the Almanac of Ghastly Translocation
 21227 | D:12     | Identified the Almanac of Torrid Poison
 21262 | D:12     | Noticed a deep elf sorcerer
 21321 | D:12     | Killed from afar by a deep elf sorcerer

Illustrated notes

Levels and vault maps discovered:
D:1:      moated_graveyard_arrival, layout_loops_cross
D:2:      layout_loops_cross, first_ration, okawaru_gym_becter
D:3:      layout_basic, uniq_crazy_yiuf_cottage
D:4:      layout_rooms, gup_sewer_entry_pipe
D:5:      layout_cave_pools
D:6:      layout_gridville, basic_altar, serial_shops, shop_fountains,
          uniq_menkaure
D:7:      wander_river, layout_cave_pods, minmay_temple_entry_overgrown,
          basic_altar
D:8:      layout_rooms, zin_scriptorium, enter_bailey_2,
          hangedman_abyss_or_decor_clamps
D:9:      layout_cave_pools, erik_lair_island, serial_ice, serial_ice_i,
          serial_ice_e, serial_ice_h, serial_ice_c, serial_ice_b, serial_ice_o,
          serial_ice_n, hangedman_pestilent_swarm
D:10:     gammafunk_beogh_shrine, layout_basic, statue_in_the_mist_lemuel,
          guppyfry_shop_venom
D:11:     layout_irregular_city, enter_trove_2, uniq_erica
D:12:     evilmike_library_of_no_secrets, layout_long_grid, orc_0_dummy,
          small_statue_intersection
Temple:   compressed_dpeg_circular_temple
Lair:1:   minmay_lair_oklob_tunnel, layout_gridlike, enter_volcano_2,
          gammafunk_ghost_arena, uniq_maggie, uniq_sonja
Lair:2:   layout_regular_city, guppyfry_snake_entry_garden, st_stairs_13,
          uniq_nergalle
Lair:3:   layout_hall_layers, ebering_ghost_funeral_grove, serial_bayou_crossing
Lair:4:   layout_roguey, swamp_mist
Lair:5:   layout_layer_cave, dpeg_slime_entry_corner, gauntlet_entry_generic
Lair:6:   hangedman_lair_caniforms_friends, layout_regular_city,
          hangedman_lair_tendril_chambers

Skill      XL: |  1  2  3  4  5  6  7  8  9 10 11 12 13 14 15 |
---------------+----------------------------------------------+-----
Fighting       | 4 5 6 10 12 | 12.3
Maces & Flails | 4 5 6 7 9 11 12 | 12.8
Armour         | 2 4 5 6 7 |  7.3
Invocations    | 5 6 |  6.0
Dodging        | 5 |  5.0
Evocations     | 5 7 9 10 | 10.0
Shields        | 4 10 14 15 | 15.0
Stealth        | |  2.1

Action                   |  1- 3 |  4- 6 |  7- 9 | 10-12 | 13-15 || total
-------------------------+-------+-------+-------+-------+-------++-------
Melee: Mace              |    93 |   233 |       |       |       ||   326
       Battleaxe         |       |    22 |    12 |       |       ||    34
       Morningstar       |       |       |   373 |   996 |  1501 ||  2870
       Punch             |       |       |       |     2 |       ||     2
Throw: Dart              |       |     4 |       |       |       ||     4
       Throwing net      |       |     1 |       |       |       ||     1
       Boomerang         |       |       |     3 |       |       ||     3
Invok: Heroism           |       |     1 |     3 |     8 |    18 ||    30
       Finesse           |       |       |       |     1 |     2 ||     3
 Abil: Evoke Flight      |       |       |       |       |     1 ||     1
Evoke: Wand              |       |       |       |    12 |       ||    12
  Use: Potion            |       |       |     2 |       |       ||     2
       Scroll            |       |       |       |    22 |     5 ||    27
 Stab: Sleeping          |     3 |       |       |       |       ||     3
       Paralysed         |       |       |       |     3 |       ||     3
  Eat: Chunk             |     1 |     8 |    16 |    25 |    23 ||    73
       Ration            |       |       |     2 |       |       ||     2
Armor: Robe              |    29 |       |       |       |       ||    29
       Scale mail        |     5 |   164 |    98 |       |       ||   267
       Plate armour      |       |       |   277 |   887 |  1073 ||  2237
Dodge: Dodged            |    52 |   124 |   259 |   548 |   498 ||  1481
Block: Kite shield       |       |       |       |   149 |  1338 ||  1487
